PBL
MINNESOTA TWINS @ MILWAUKEE BREWERS
04/24/2071
 
TOP OF THE 1ST
Minnesota Twins batting - Pitching for Milwaukee Brewers : RHP Dave Jackson
Pitching: RHP Dave Jackson
Batting: RHB Jamal Cervantes 0-0: Called Strike
0-1: Ball
1-1: Foul Ball, location: 7LSF
1-2: Ball
2-2: Foul Ball, location: 3FF
2-2: Foul Ball, location: 2F
2-2: DOUBLE (Flyball, 9LD, EV 88.1 MPH)
Batting: LHB Leandro Vargo 0-0: Ball
1-0: Foul Ball, location: 2F
1-1: Foul Ball, location: 2F
1-2: Foul Ball, location: 2LF
1-2: Foul Ball, location: 2LF
1-2: Foul Ball, location: 2F
1-2: Ball
2-2: Ball
3-2: Fly out, F9 (Flyball, 9S, EV 101.9 MPH)
Batting: LHB Geoffrey Foster 0-0: Ball
1-0: Called Strike
1-1: Swinging Strike
1-2: Ball
2-2: Ball
3-2: Base on Balls
Batting: RHB Rafael Negrete 0-0: Ball
1-0: Ball
2-0: Called Strike
2-1: 3-RUN HOME RUN (Line Drive, 7D, EV 100.6 MPH), Distance : 404 ft
Batting: LHB Raúl Rodríguez 0-0: Ball
1-0: Ground out 5-3 (Groundball, 56, EV 105.6 MPH)
Batting: RHB Ronald Livingston 0-0: Ball
1-0: Ball
2-0: Called Strike
2-1: Fly out, F7 (Line Drive, 7LM, EV 87.5 MPH)
Top of the 1st over - 3 runs, 2 hits, 0 errors, 0 left on base; Minnesota 3 - Milwaukee 0
BOTTOM OF THE 1ST
Milwaukee Brewers batting - Pitching for Minnesota Twins : RHP Shane Sandoval
Pitching: RHP Shane Sandoval
Batting: LHB John Brosseau 0-0: Ball
1-0: Called Strike
1-1: Fly out, F8 (Line Drive, 78D, EV 98.1 MPH)
Batting: SHB Ray Day 0-0: Called Strike
0-1: Ball
1-1: Ball
2-1: Foul Ball, location: 7LSF
2-2: Strikes out looking
Batting: SHB Yang Siu 0-0: Called Strike
0-1: Called Strike
0-2: Ball
1-2: Ball
2-2: SINGLE (Groundball, 34S, EV 69.4 MPH) (infield hit)
Batting: LHB Stanley Hawkins 0-0: Ball
1-0: Ball
2-0: Ground out 4-3 (Groundball, 4, EV 99.4 MPH)
Bottom of the 1st over - 0 runs, 1 hit, 0 errors, 1 left on base; Minnesota 3 - Milwaukee 0
TOP OF THE 2ND
Minnesota Twins batting - Pitching for Milwaukee Brewers : RHP Dave Jackson
Batting: LHB Ignacio Chávez 0-0: Ball
1-0: Ball
2-0: Called Strike
2-1: Foul Ball, location: 3FF
2-2: Ball
3-2: Base on Balls
Batting: RHB Rafael Lorenzo 0-0: Ball
1-0: Fly out, F6 (Flyball, 6MD, EV 94.4 MPH)
Batting: RHB Michael Crouss 0-0: Foul Ball, location: 9LMF
0-1: Foul Ball, location: 5FF
0-2: Ball
1-2: Grounds into double play, 4-6-3 (Groundball, 4, EV 81.3 MPH)
Top of the 2nd over - 0 runs, 0 hits, 0 errors, 0 left on base; Minnesota 3 - Milwaukee 0
BOTTOM OF THE 2ND
Milwaukee Brewers batting - Pitching for Minnesota Twins : RHP Shane Sandoval
Batting: LHB Roberto Rodríguez 0-0: Ball
1-0: Foul Ball, location: 7LDF
1-1: Fly out, F7 (Flyball, 7LSF, EV 91.9 MPH)
Batting: LHB Will Day 0-0: Called Strike
0-1: Called Strike
0-2: Strikes out looking
Batting: RHB Pedro Gómez 0-0: Ball
1-0: Ball
2-0: Foul Ball, location: 7LDF
2-1: Called Strike
2-2: Strikes out looking
Bottom of the 2nd over - 0 runs, 0 hits, 0 errors, 0 left on base; Minnesota 3 - Milwaukee 0
TOP OF THE 3RD
Minnesota Twins batting - Pitching for Milwaukee Brewers : RHP Dave Jackson
Batting: RHB Jamal Cervantes 0-0: Ball
1-0: SINGLE (Line Drive, 8LS, EV 92.5 MPH)
Batting: LHB Leandro Vargo 0-0: SINGLE (Groundball, 4MS, EV 66.9 MPH) (infield hit)
Jamal Cervantes to second
Batting: LHB Geoffrey Foster 0-0: Ball
1-0: Called Strike
1-1: Ball
2-1: Swinging Strike
2-2: Fly out, F8 (Line Drive, 78M, EV 87.5 MPH)
Batting: RHB Rafael Negrete 0-0: Called Strike
0-1: Swinging Strike
0-2: Foul Ball, location: 9LMF
0-2: Fly out, F9 (Flyball, 9D, EV 88.1 MPH)
Runner from 2nd tags up, SAFE at 3rd, no throw by RF
Batting: LHB Raúl Rodríguez 0-0: Foul Ball, location: 5FF
0-1: Ball
1-1: Ball
2-1: Called Strike
2-2: Ball
3-2: Strikes out swinging
Top of the 3rd over - 0 runs, 2 hits, 0 errors, 2 left on base; Minnesota 3 - Milwaukee 0
BOTTOM OF THE 3RD
Milwaukee Brewers batting - Pitching for Minnesota Twins : RHP Shane Sandoval
Batting: LHB Bradley Irwin 0-0: Called Strike
0-1: Ball
1-1: Foul Ball, location: 2F
1-2: Ball
2-2: Ground out 5-3 (Groundball, 15, EV 86.3 MPH)
Batting: RHB Steve White 0-0: Ball
1-0: DOUBLE (Flyball, 89XD, EV 106.9 MPH)
Batting: LHB John Brosseau 0-0: Ball
1-0: Ball
2-0: Ground out 6-3 (Groundball, 6, EV 91.3 MPH)
Batting: SHB Ray Day 0-0: Called Strike
0-1: Ball
1-1: Ball
2-1: Ground out 6-3 (Groundball, 56, EV 81.9 MPH)
Bottom of the 3rd over - 0 runs, 1 hit, 0 errors, 1 left on base; Minnesota 3 - Milwaukee 0
TOP OF THE 4TH
Minnesota Twins batting - Pitching for Milwaukee Brewers : RHP Dave Jackson
Batting: RHB Ronald Livingston 0-0: Called Strike
0-1: Foul Ball, location: 5F
0-2: SINGLE (Line Drive, 78S, EV 101.3 MPH)
Batting: LHB Ignacio Chávez 0-0: Called Strike
0-1: Ball
1-1: Fly out, F7 (Flyball, 78M, EV 98.8 MPH)
Batting: RHB Rafael Lorenzo 0-0: Fly out, F9 (Flyball, 89M, EV 76.3 MPH)
Batting: RHB Michael Crouss 0-0: Ball
1-0: Fly out, F8 (Line Drive, 8RD, EV 97.5 MPH)
Top of the 4th over - 0 runs, 1 hit, 0 errors, 1 left on base; Minnesota 3 - Milwaukee 0
BOTTOM OF THE 4TH
Milwaukee Brewers batting - Pitching for Minnesota Twins : RHP Shane Sandoval
Batting: SHB Yang Siu 0-0: Swinging Strike
0-1: Ball
1-1: Ball
2-1: Foul Ball, location: 7LDF
2-2: Ball
3-2: Base on Balls
Batting: LHB Stanley Hawkins 0-0: Fielders Choice at 2nd, 3-6 (Groundball, 3S, EV 86.3 MPH)
Batting: LHB Roberto Rodríguez 0-0: Ball
1-0: Ball
2-0: Called Strike
2-1: Foul Ball, location: 25FF
2-2: Ball
3-2: Fly out, F7 (Flyball, 7, EV 91.3 MPH)
Batting: LHB Will Day 0-0: Called Strike
Stanley Hawkins steals 2nd base
0-1: Foul Ball, location: 2F
0-2: Ball
1-2: Fly out, F7 (Flyball, 7, EV 96.9 MPH)
Bottom of the 4th over - 0 runs, 0 hits, 0 errors, 1 left on base; Minnesota 3 - Milwaukee 0
TOP OF THE 5TH
Minnesota Twins batting - Pitching for Milwaukee Brewers : RHP Dave Jackson
Batting: RHB Jamal Cervantes 0-0: Ball
1-0: Ball
2-0: Ball
3-0: Base on Balls
Batting: LHB Leandro Vargo 0-0: Foul Ball, location: 25F
0-1: Ball
1-1: DOUBLE (Flyball, 89D, EV 94.4 MPH)
Jamal Cervantes to third
Batting: LHB Geoffrey Foster 0-0: Called Strike
0-1: Ball
1-1: Ball
2-1: Called Strike
2-2: Ball
3-2: SINGLE (Line Drive, 6MD, EV 98.1 MPH)
Jamal Cervantes scores
Leandro Vargo to third
Batting: RHB Rafael Negrete 0-0: Foul Ball, location: 23F
0-1: Foul Ball, location: 9LDF
0-2: Ball
1-2: Strikes out swinging
Batting: LHB Raúl Rodríguez 0-0: Foul Ball, location: 25F
0-1: Ball
1-1: Called Strike
1-2: Ball
2-2: Fly out, F8 (Flyball, 8RXD, EV 100.6 MPH)
Runner from 3rd tags up, SCORES, no throw by CF
Pitching: RHP Héctor Alemán
Batting: RHB Ronald Livingston 0-0: Ball
1-0: Called Strike
1-1: Ball
2-1: Ground out 4-3 (Groundball, 4, EV 106.9 MPH)
Top of the 5th over - 2 runs, 2 hits, 0 errors, 1 left on base; Minnesota 5 - Milwaukee 0
BOTTOM OF THE 5TH
Milwaukee Brewers batting - Pitching for Minnesota Twins : RHP Shane Sandoval
Batting: RHB Pedro Gómez 0-0: Swinging Strike
0-1: Ground out 6-3 (Groundball, 6, EV 96.3 MPH)
Batting: LHB Bradley Irwin 0-0: Foul Ball, location: 9LDF
0-1: Ground out 4-3 (Groundball, 4, EV 93.8 MPH)
Batting: RHB Steve White 0-0: Ball
1-0: Ball
2-0: Called Strike
2-1: Ball
3-1: Base on Balls
Batting: LHB John Brosseau 0-0: Ball
1-0: Ball
2-0: Called Strike
2-1: Foul Ball, location: 2F
2-2: Ball
3-2: Strikes out swinging
Bottom of the 5th over - 0 runs, 0 hits, 0 errors, 1 left on base; Minnesota 5 - Milwaukee 0
TOP OF THE 6TH
Minnesota Twins batting - Pitching for Milwaukee Brewers : RHP Héctor Alemán
Batting: LHB Ignacio Chávez 0-0: Ball
1-0: Called Strike
1-1: Fly out, F5 (Popup, 25, EV 85.6 MPH)
Batting: RHB Rafael Lorenzo 0-0: Swinging Strike
0-1: Ball
1-1: Ground out 1-3 (Groundball, 15S, EV 66.9 MPH)
Batting: RHB Michael Crouss 0-0: Ball
1-0: SINGLE (Groundball, 34D, EV 95.0 MPH)
Batting: RHB Jamal Cervantes 0-0: Called Strike
0-1: Foul Ball, location: 2F
0-2: Fielders Choice at 2nd, U4 (Groundball, 4M, EV 80.0 MPH)
Top of the 6th over - 0 runs, 1 hit, 0 errors, 1 left on base; Minnesota 5 - Milwaukee 0
BOTTOM OF THE 6TH
Milwaukee Brewers batting - Pitching for Minnesota Twins : RHP Shane Sandoval
Batting: SHB Ray Day 0-0: Fly out, F7 (Line Drive, 78S, EV 101.3 MPH)
Batting: SHB Yang Siu 0-0: Ball
1-0: Reached on error, E6 (Groundball, 4M, EV 85.6 MPH)
Batting: LHB Stanley Hawkins 0-0: Fly out, F9 (Flyball, 9S, EV 88.1 MPH)
Batting: LHB Roberto Rodríguez 0-0: Ball
1-0: Called Strike
1-1: Called Strike
1-2: SINGLE (Line Drive, 7S, EV 86.9 MPH)
Yang Siu to third
Runner from 3rd tries for Home, SAFE, throw by LF to home
Roberto Rodríguez to second
Batting: LHB Will Day 0-0: Called Strike
0-1: Ground out 4-3 (Groundball, 4, EV 108.1 MPH)
Bottom of the 6th over - 1 run, 1 hit, 1 error, 1 left on base; Minnesota 5 - Milwaukee 1
TOP OF THE 7TH
Minnesota Twins batting - Pitching for Milwaukee Brewers : RHP Héctor Alemán
Batting: LHB Leandro Vargo 0-0: Called Strike
0-1: Called Strike
0-2: Ground out 6-3 (Groundball, 6M, EV 82.5 MPH)
Batting: LHB Geoffrey Foster 0-0: Fly out, F7 (Flyball, 7, EV 85.0 MPH)
Batting: RHB Rafael Negrete 0-0: Swinging Strike
0-1: Ball
1-1: SINGLE (Line Drive, 5D, EV 99.4 MPH)
Batting: LHB Raúl Rodríguez 0-0: Foul Ball, location: 2F
0-1: Called Strike
0-2: Ball
1-2: Fly out, F8 (Flyball, 8LD, EV 93.8 MPH)
Top of the 7th over - 0 runs, 1 hit, 0 errors, 1 left on base; Minnesota 5 - Milwaukee 1
BOTTOM OF THE 7TH
Milwaukee Brewers batting - Pitching for Minnesota Twins : RHP Shane Sandoval
Batting: RHB Pedro Gómez 0-0: Ball
1-0: Ball
2-0: Called Strike
2-1: Called Strike
2-2: Strikes out looking
Pitching: LHP Vincent Jenkins
Batting: LHB Bradley Irwin 0-0: Swinging Strike
0-1: Swinging Strike
0-2: DOUBLE (Flyball, 89D, EV 98.1 MPH)
Batting: RHB Steve White 0-0: Ball
1-0: Ball
2-0: Foul Ball, location: 3SF
2-1: Foul Ball, location: 2F
2-2: Strikes out swinging
Batting: LHB John Brosseau 0-0: Called Strike
0-1: Fly out, F7 (Flyball, 78M, EV 93.1 MPH)
Bottom of the 7th over - 0 runs, 1 hit, 0 errors, 1 left on base; Minnesota 5 - Milwaukee 1
TOP OF THE 8TH
Minnesota Twins batting - Pitching for Milwaukee Brewers : RHP Héctor Alemán
Batting: RHB Ronald Livingston 0-0: Ball
1-0: Swinging Strike
1-1: Ball
2-1: Ground out 4-3 (Groundball, 4, EV 91.9 MPH)
Batting: LHB Ignacio Chávez 0-0: Ground out 4-3 (Groundball, 4, EV 100.6 MPH)
Batting: RHB Rafael Lorenzo 0-0: Ball
1-0: Foul Ball, location: 2LF
1-1: Ball
2-1: Ball
3-1: SINGLE (Groundball, P, EV 79.4 MPH) (infield hit)
Batting: RHB Michael Crouss 0-0: Ball
1-0: Foul Ball, location: 5SF
1-1: Foul Ball, location: 2RF
1-2: Ground out 4-3 (Groundball, 4, EV 85.0 MPH)
Top of the 8th over - 0 runs, 1 hit, 0 errors, 1 left on base; Minnesota 5 - Milwaukee 1
BOTTOM OF THE 8TH
Milwaukee Brewers batting - Pitching for Minnesota Twins : LHP Vincent Jenkins
Batting: SHB Ray Day 0-0: Called Strike
0-1: Ball
1-1: Foul Ball, location: 5F
1-2: Strikes out swinging
Batting: SHB Yang Siu 0-0: Ball
1-0: Swinging Strike
1-1: Foul Ball, location: 2F
1-2: Ball
2-2: Ground out 5-3 (Groundball, 56S, EV 88.8 MPH)
Batting: LHB Stanley Hawkins 0-0: Called Strike
0-1: Ball
1-1: Called Strike
1-2: Strikes out swinging
Bottom of the 8th over - 0 runs, 0 hits, 0 errors, 0 left on base; Minnesota 5 - Milwaukee 1
TOP OF THE 9TH
Minnesota Twins batting - Pitching for Milwaukee Brewers : RHP Héctor Alemán
Pitching: RHP Javier Castro
Batting: RHB Jamal Cervantes 0-0: Ground out 5-3 (Groundball, 56S, EV 91.9 MPH)
Batting: LHB Leandro Vargo 0-0: Ground out 4-3 (Groundball, 4S, EV 81.3 MPH)
Batting: LHB Geoffrey Foster 0-0: Ball
1-0: Ball
2-0: Fly out, F5 (Popup, 15, EV 78.1 MPH)
Top of the 9th over - 0 runs, 0 hits, 0 errors, 0 left on base; Minnesota 5 - Milwaukee 1
BOTTOM OF THE 9TH
Milwaukee Brewers batting - Pitching for Minnesota Twins : LHP Vincent Jenkins
Batting: LHB Roberto Rodríguez 0-0: Foul Ball, location: 2F
0-1: Swinging Strike
0-2: Ground out 4-3 (Groundball, 4MD, EV 98.1 MPH)
Batting: LHB Will Day 0-0: Ball
1-0: Ground out 5-3 (Groundball, 5, EV 96.3 MPH)
Batting: RHB Pedro Gómez 0-0: Called Strike
0-1: Ball
1-1: Swinging Strike
1-2: Strikes out swinging
Bottom of the 9th over - 0 runs, 0 hits, 0 errors, 0 left on base; Minnesota 5 - Milwaukee 1
Wednesday, April 10th , 2024 - OOTP Baseball 24.10 Build 82